 Dungeon Crawl Stone Soup version 0.16.0-11-gd45b091 (webtiles) character file.

55 RobertPalmer the Stinger (level 3, 0/21 HPs)
             Began as an Octopode Venom Mage on Mar 18, 2015.
             Slain by an adder (3 damage)
             ... on level 2 of the Dungeon.
             The game lasted 00:03:11 (1668 turns).

RobertPalmer the Stinger (Octopode Venom Mage)      Turns: 1668, Time: 00:03:11

Health: 0/21       AC:  1    Str:  7    XL:     3   Next: 93%
Magic:  1/6        EV: 12    Int: 17    God:
Gold:   150        SH:  0    Dex: 13    Spells: 3 memorised, 0 levels left

rFire  . . .     SeeInvis .     k - +0 dagger
rCold  . . .     Clarity  .     (no shield)
rNeg   . . .     SustAb   .     (helmet restricted)
rPois  .         Gourm    .     (no amulet)
rElec  .         Spirit   .     (no ring)
rCorr  .         Warding  .     (no ring)
rMut   .         Stasis   .     (no ring)
MR     .....                    (no ring)
Stlth  +++.......               (no ring)
                                (no ring)
                                (no ring)
                                (no ring)

@: not resistant to hostile enchantments, fairly stealthy
A: almost no armour, amphibious, 8 rings, constrict 8, camouflage 1, gelatinous
body 1
a: no special abilities


You were on level 2 of the Dungeon.
You were not hungry.

You visited 1 branch of the dungeon, and saw 2 of its levels.

You collected 150 gold pieces.

Inventory:

Hand weapons
 k - a +0 dagger (weapon)
   (You took it off a kobold on level 1 of the Dungeon)
Jewellery
 l - a cursed ring of teleportation {unknown}
   (You found it on level 2 of the Dungeon)
Magical devices
 j - a wand of fireball (3)
   (You found it on level 2 of the Dungeon)
Scrolls
 d - a scroll of remove curse {unknown}
 e - 3 scrolls of identify {unknown}
 h - a scroll of enchant armour {unknown}
 i - a scroll of immolation {unknown}
 m - a scroll of teleportation {unknown}
Potions
 a - a potion of curing {unknown}
Books
 b - a Young Poisoner's Handbook
Comestibles
 c - 4 bread rations {@e1}
 f - 2 chunks of flesh {@w0}
 g - a royal jelly


   Skills:
 - Level 2.0 Dodging
 - Level 2.6 Stealth
 - Level 2.0 Spellcasting
 + Level 1.5 Conjurations
 - Level 6.1 Poison Magic


You couldn't memorise any spells.
You knew the following spells:

 Your Spells              Type           Power        Failure   Level  Hunger
a - Sting                 Conj/Pois      ##..         4%          1    #......
x - Mephitic Cloud        Conj/Pois/Air  ##......     21%         3    ###....
P - Cure Poison           Pois           ###.......   2%          2    ###....


Dungeon Overview and Level Annotations

Branches:
Dungeon (2/15)

Altars:
Trog


Innate Abilities, Weirdness & Mutations

You cannot wear most types of armour.
You are amphibious.
You can wear up to eight rings at the same time.
You can use your tentacles to constrict many enemies at once.
Your skin changes colour to match your surroundings (Stealth).
Your rubbery body absorbs attacks (AC +1).


Message History

A kobold is nearby!
A kobold is nearby!
Aim: a kobold The sting misses the kobold.
You now have 5/6 mp.
Unknown command.
You don't know that spell.
Unknown command.
Aim: a kobold The sting hits the kobold.
The kobold is poisoned.
You kill the kobold!
You now have 4/6 mp.
You see here a kobold corpse.
m - a scroll labeled PSI JOUNAUCUY
Okay, then.
A rat comes into view.
MP restored: 6 A rat is nearby!
A rat is nearby!
A rat is nearby!
Aim: a rat (resting)
The sting hits the rat.
The rat is poisoned.
You are feeling hungry.
You kill the rat!
You now have 5/6 mp.
You see here a rat corpse.
You butcher the rat corpse.
f - 3 chunks of flesh {@w0} (gained 1)
You see here a rat skeleton.
Eating one of 3 chunks of flesh {@w0}.
You continue eating. x2
There is an open door here.
A kobold comes into view.
MP restored: 6 A kobold is nearby!
A kobold is nearby!
A kobold is nearby!
Aim: a kobold (hasn't noticed you)
The sting hits the kobold.
The kobold is poisoned.
The kobold shouts!
You now have 5/6 mp.
The kobold hits you.
There is an open door here.
You take 3 damage, and have 18/21 hp.
You closely miss the kobold. You grab the kobold. You constrict the kobold.
The kobold closely misses you.
You hit the kobold but do no damage. You constrict the kobold.
You kill the kobold!
You now have 150 gold pieces (gained 11).
Memorise Cure Poison, consuming 2 spell levels and leaving 0?
You start memorising the spell.
You continue memorising.
You continue memorising.
You finish memorising.
Spell assigned to 'P'.
There is an open door here.
There is an open door here.
There is an open door here.
There is an open door here.
An adder comes into view.
There is an open door here.
MP restored: 6 An adder is nearby!
An adder is nearby!
An adder is nearby!
An adder is nearby!
Aim: an adder (resting)
The sting hits the adder.
You now have 5/6 mp.
You don't know that spell.
Unknown command.
Aim: an adder The sting misses the adder.
The adder bites you. The adder bites you.
You are poisoned.
The adder poisons you!
You take 9 damage, and have 10/21 hp.
MASSIVE DAMAGE!!
You now have 4/6 mp.
You closely miss the adder. Your grab misses the adder.
You feel sick. The adder misses you.
Aim: an adder The sting hits the adder.
The adder is poisoned.
The adder bites you.
* * * LOW HITPOINT WARNING * * *
You take 4 damage, and have 6/21 hp.
You now have 3/6 mp.
Unknown command.
You are no longer poisoned.
The adder bites you but does no damage.
You now have 1/6 mp.
You hit the adder but do no damage. Your grab misses the adder.
The adder misses you. The adder barely misses you.
You barely miss the adder. Your grab misses the adder.
You squeeze the adder, but do no damage.
The adder bites you.
* * * LOW HITPOINT WARNING * * *
You take 3 damage, and have 3/21 hp.
Unknown command.
You barely miss the adder. Your grab misses the adder.
The adder closely misses you.
Unknown command.
You barely miss the adder. Your grab misses the adder.
The adder looks more healthy.
The adder bites you.
You die...

#+# #.# #####.#####
#...'.'...#
#.###.###.# #.# #.#
#.# # #@###.###'###..#
+.S...........'..#
###'###.###'###..# #.#
#.# #.# # .
#.###.###.# #..#
#...'.'...# # #..#
#####.##### #. #..#
#.#
.####..#######'#######


You could see an adder.

Vanquished Creatures
  2 adders (D:2)
  A worm (D:2)
  2 bats (D:1)
  3 giant cockroaches
  2 goblins
  4 hobgoblins
  6 kobolds
  3 quokkas (D:2)
  A giant newt (D:1)
  4 rats
28 creatures vanquished.

Notes
Turn   | Place    | Note
--------------------------------------------------------------
     0 | D:1      | RobertPalmer, the Octopode Venom Mage, began the quest for the Orb.
     0 | D:1      | Reached XP level 1. HP: 11/11 MP: 3/3
   355 | D:1      | Reached skill level 5 in Poison Magic
   511 | D:1      | Reached XP level 2. HP: 17/17 MP: 0/4
   983 | D:2      | Reached XP level 3. HP: 11/21 MP: 1/6
  1169 | D:2      | Reached skill level 6 in Poison Magic
  1327 | D:2      | Learned a level 3 spell: Mephitic Cloud
  1420 | D:2      | Reached skill level 1 in Conjurations
  1533 | D:2      | Found a bloodstained altar of Trog.
  1642 | D:2      | Learned a level 2 spell: Cure Poison
  1666 | D:2      | HP: 3/21 [adder (3)]
  1668 | D:2      | Slain by an adder

Action                   || total
-------------------------++-------
Melee: Unarmed           ||     6
       Dagger            ||    31
 Cast: Sting             ||    31
       Cure Poison       ||     1
 Stab: Sleeping          ||     9
  Eat: Chunk             ||     3

Vault maps used:
D:1:      dpeg_arrival_pits
D:2:      minmay_door_path, first_bread, minmay_door_square, bloody_trog

Table legend:
 A = Turns spent in this place as a percentage of turns spent in the entire game.
 B = Non-inter-level travel turns spent in this place as a percentage of non-inter-level travel turns spent in the entire game.
 C = Inter-level travel turns spent in this place as a percentage of turns spent in this place.
 D = Turns resting spent in this place as a percentage of non-inter-level travel turns spent in this place.
 E = Turns spent auto-exploring this place as a percentage of non-inter-level travel turns spent in this place.
 F = Non-inter-level travel turns spent in this place divided by the number of levels of this place that you've seen.
                   A       B       C       D       E      F
               +-------+-------+-------+-------+-------+----------------------
         Total | 100.0 | 100.0 |   0.2 |   2.8 |   9.8 | 214.5
       Dungeon | 100.0 | 100.0 |   0.2 |   2.8 |   9.8 | 214.5
               +-------+-------+-------+-------+-------+----------------------

Table legend:
 A = Kills in this place as a percentage of kills in entire the game.
 B = Kills by you in this place as a percentage of kills by you in the entire game.
 C = Kills by friends in this place as a percentage of kills by friends in the entire game.
 D = Other kills in this place as a percentage of other kills in the entire game.
 E = Experience gained in this place as a percentage of experience gained in the entire game.
 F = Experience gained in this place divided by the number of levels of this place that you have seen.
                   A       B       C       D       E      F
               +-------+-------+-------+-------+-------+----------------------
         Total | 100.0 | 100.0 |  -nan |  -nan | 100.0 |  39.5
       Dungeon | 100.0 | 100.0 |  -nan |  -nan | 100.0 |  39.5
               +-------+-------+-------+-------+-------+----------------------
